 Dungeon Crawl Stone Soup version 0.31.0-11-ge490571c62 (webtiles) character file.

Game seed: 7225165172205451353

176 mopl the Sneak (level 5, 0/38 HPs)
             Began as a Draconian Enchanter on Feb 8, 2024.
             Was an Initiate of Dithmenos.
             Slain by a gnoll
             ... wielding a +0 halberd
              (11 damage)
             ... on level 3 of the Dungeon.
             The game lasted 00:02:59 (1734 turns).

mopl the Sneak (Draconian Enchanter)                Turns: 1734, Time: 00:03:00

Health: 0/38       AC:  5    Str: 11    XL:     5   Next: 30%
Magic:  0/9        EV: 12    Int: 17    God:    Dithmenos [......]
Gold:   136        SH:  0    Dex: 11    Spells: 2/10 levels left

rFire   . . .        a - +1 dagger
rCold   . . .        (no shield)
rNeg    . . .        (body armour unavailable)
rPois   .            (helmet restricted)
rElec   .            (no cloak)
rCorr   .            (no gloves)
SInv    .            (no boots)
Will    .....        (no amulet)
Stlth   ++           (no ring)
HPRegen 0.26/turn    (no ring)
MPRegen 0.11/turn

%: no passive effects
@: no status effects
A: AC +5, unfitting armour, cold-blooded
a: Renounce Religion


You were on level 3 of the Dungeon.
You worshipped Dithmenos.
Dithmenos was noncommittal.
You visited 2 branches of the dungeon, and saw 5 of its levels.

You collected 136 gold pieces.

Inventory:

Hand Weapons
 a - a +1 dagger (weapon)
Missiles
 l - 2 poisoned darts
 m - 2 throwing nets
Armour
 i - a +0 pair of gloves
Scrolls
 e - a scroll of vulnerability {unknown}
 g - 2 scrolls of identify {unknown}
 h - a scroll of revelation {unknown}
 k - 2 scrolls of blinking {unknown}
Potions
 b - 3 potions of invisibility
 c - 2 potions of might {unknown}
 d - a potion of curing {unknown}
 f - a potion of attraction {unknown}
 j - 2 potions of heal wounds {unknown}


   Skills:
 - Level 1.0 Short Blades
 - Level 1.7 Dodging
 + Level 4.1 Stealth
 + Level 3.3 Spellcasting
 + Level 3.8 Hexes


You had 2 spell levels left.
You knew the following spells:

 Your Spells              Type           Power      Damage    Failure   Level
b - Ensorcelled Hibernat  Hex/Ice        18%        N/A       12%         2
c - Confusing Touch       Hex            15%        N/A       11%         3
d - Tukima's Dance        Hex            15%        N/A       11%         3

Your spell library contained the following spells:

 Spells                   Type           Power      Damage    Failure   Level
 Kiss of Death            Conj/Necr      8%         2d6       17%         1
 Dazzling Flash           Conj/Hex       18%        N/A       24%         3
 Dispel Undead            Necr           2%         3d7       86%         4


Dungeon Overview and Level Annotations

Branches:
Dungeon (4/15)             Temple (1/1) D:4

Altars:
Ashenzari
Cheibriados
Dithmenos
Elyvilon
Fedhas
Gozag
Hepliaklqana
Kikubaaqudgha
Nemelex Xobeh
Okawaru
Qazlal
Ru
Sif Muna
Trog
Uskayaw
Vehumet
Wu Jian
Yredelemnul


Innate Abilities, Weirdness & Mutations

Your plain brown scales are hard. (AC +5)
You cannot fit into any form of body armour.
You are cold-blooded and may be slowed by cold attacks.


Message History

Press: ? - help, Shift-Dir - straight line, f - gnoll
Aim: a gnoll, wielding a +0 whip (lightly wounded, chance to affect: 51%)
The gnoll resists with significant effort.
The gnoll closely misses you.
Unknown command.
The gnoll attacks as it pursues you! The gnoll closely misses you.
The gnoll attacks as it pursues you! The gnoll hits you with a +0 whip.
The gnoll attacks as it pursues you! The gnoll hits you with a +0 whip.
The gnoll attacks as it pursues you! The gnoll barely misses you.
Casting: Ensorcelled Hibernation (safe; 12% risk of failure)
Confirm with . or Enter, or press ? or * to list all spells.
Aiming: Ensorcelled Hibernation (safe; 12% risk of failure)
Press: ? - help, Shift-Dir - straight line, f/p - gnoll
Aim: a gnoll, wielding a +0 whip (lightly wounded, chance to affect: 51%)
The gnoll resists with significant effort.
The gnoll barely misses you.
Unknown command.
The gnoll attacks as it pursues you! The gnoll barely misses you.
The gnoll attacks as it pursues you! The gnoll barely misses you.
The gnoll attacks as it pursues you! The gnoll barely misses you.
The gnoll attacks as it pursues you! The gnoll closely misses you.
The gnoll attacks as it pursues you! The gnoll barely misses you.
The gnoll attacks as it pursues you! The gnoll hits you with a +0 whip.
The gnoll attacks as it pursues you! The gnoll closely misses you.
The gnoll attacks as it pursues you! The gnoll hits you with a +0 whip.
* * * LOW HITPOINT WARNING * * *
The gnoll attacks as it pursues you! The gnoll barely misses you.
The gnoll attacks as it pursues you! The gnoll barely misses you.
Casting: Ensorcelled Hibernation (safe; 12% risk of failure)
Confirm with . or Enter, or press ? or * to list all spells.
Aiming: Ensorcelled Hibernation (safe; 12% risk of failure)
Press: ? - help, Shift-Dir - straight line, f/p - gnoll
Aim: a gnoll, wielding a +0 whip (lightly wounded, chance to affect: 51%)
The gnoll looks drowsy...
The helpless gnoll fails to defend itself.
You puncture the gnoll!
You kill the gnoll!
Dithmenos accepts your kill.
The gnoll hits you from afar with a +0 halberd!
You die...

#......# #.##.#.#
#.##.#.###
#.##.....#
#.##.#.#.## ...
#.........# ..
###.....#... ..
#...#...## #.
###@##### #. # #)#
.###.### #g#
##+....... #.#
##...##
#####.######.....##
#........##.......##
#.#...##.#.........#
#........'.........+
#.#...##.#.........#


You could see a gnoll.

Vanquished Creatures
  A jelly (D:4)
  A hound (D:4)
  6 gnolls
  An adder (D:3)
  2 dart slugs
  An orc (D:4)
  5 ball pythons
  3 bats (D:1)
  4 endoplasms (D:1)
  5 giant cockroaches
  5 goblins
  4 hobgoblins
  4 jackals (D:1)
  4 kobolds
  4 quokkas
  2 rats (D:1)
52 creatures vanquished.

Vanquished Creatures (others)
  A dancing weapon (D:3)
1 creature vanquished.

Grand Total: 53 creatures vanquished

Notes
Turn   | Place    | Note
-------+----------+-------------------------------------------
     0 | D:1      | mopl the Draconian Enchanter began the quest for the Orb.
     0 | D:1      | Reached XP level 1. HP: 14/14 MP: 3/3
   157 | D:1      | Reached XP level 2. HP: 20/20 MP: 5/5
   171 | D:1      | Learned a level 2 spell: Ensorcelled Hibernation
   181 | D:1      | Reached skill level 3 in Stealth
   644 | D:1      | Reached XP level 3. HP: 14/26 MP: 6/6
   709 | D:1      | Learned a level 3 spell: Confusing Touch
  1095 | D:2      | You fall into a shaft and drop 2 floors!
  1103 | D:4      | Found a staircase to the Ecumenical Temple.
  1146 | D:4      | Reached XP level 4. HP: 22/33 MP: 0/8
  1148 | Temple   | Entered the Ecumenical Temple
  1213 | Temple   | Became a worshipper of Dithmenos the Shadowed
  1534 | D:4      | Reached skill level 4 in Stealth
  1534 | D:4      | Reached XP level 5. HP: 37/38 MP: 1/9
  1539 | D:4      | Learned a level 3 spell: Tukima's Dance
  1734 | D:3      | Slain by a gnoll

Illustrated notes

Levels and vault maps discovered:
D:1:      dpeg_chamrin_arrival_tetris, layout_basic, minmay_box_of_dots
D:2:      minmay_alternating_diamond, layout_loops_corners, minivault_24
D:3:      layout_loops_corners, ebering_ghost_rock_garden, serial_shops,
          nicolae_shop_back_alley_shop, nicolae_lakefront_shop, shop,
          nicolae_shop_trees, shop
D:4:      layout_basic, minmay_temple_entry_offerings
Temple:   mainiacjoe_temple_bowtie_tessellation

Skill      XL: |  1  2  3  4 |
---------------+-------------+-----
Stealth        | 3 4 |  4.1
Hexes          | 3 |  3.8
Spellcasting   | 3 |  3.3
Short Blades   | |  1.0
Dodging        | |  1.7

Action                     |  1- 3 |  4- 6 || total
---------------------------+-------+-------++-------
  Melee: Dagger            |   113 |    67 ||   180
         Tailslap          |    13 |     7 ||    20
   Cast: Ensorcelled Hiber |     3 |     9 ||    12
         Tukima's Dance    |       |     4 ||     4
   Stab: Sleeping          |     7 |     6 ||    13
         Distracted        |     1 |       ||     1
 Armour: Skin              |    63 |    49 ||   112
  Dodge: Dodged            |    76 |    54 ||   130
